[ AOE2 MATCH · #484440814 ]
UnrankedFranks vs Vietnamese
[ REPLAY ANALYSIS · EXTRACTED FROM THE RECORDED GAME ]
Feudal
—
Castle
—
Imperial
—
| APM avg | 9.8 |
| APM peak | 18 |
| eAPM avg | 5.8 |
| Villagers / military | 50 / 78 |
Focus
⚔️ 22.7% · 🌾 77.3%
Knight ×31 · Scout Cavalry ×25 · Throwing Axeman ×20 · Militia ×2
Feudal
—
Castle
—
Imperial
—
| APM avg | 11.0 |
| APM peak | 28 |
| eAPM avg | 7.2 |
| Villagers / military | 84 / 25 |
Focus
⚔️ 33.8% · 🌾 66.2%
Skirmisher ×14 · Spearman ×11
Feudal
—
Castle
—
Imperial
—
| APM avg | 0.6 |
| APM peak | 21 |
| eAPM avg | 0.3 |
| Villagers / military | 5 / 0 |
Focus
⚔️ 12.5% · 🌾 87.5%
Feudal
—
Castle
—
Imperial
—
| APM avg | 13.6 |
| APM peak | 35 |
| eAPM avg | 7.5 |
| Villagers / military | 37 / 34 |
Focus
⚔️ 34.5% · 🌾 65.5%
Militia ×25 · Battering Ram ×5 · Mangonel ×4
Feudal
—
Castle
—
Imperial
—
| APM avg | 0.2 |
| APM peak | 9 |
| eAPM avg | 0.2 |
| Villagers / military | 0 / 0 |
Feudal
—
Castle
—
Imperial
—
| APM avg | 10.0 |
| APM peak | 41 |
| eAPM avg | 7.3 |
| Villagers / military | 44 / 82 |
Focus
⚔️ 41.4% · 🌾 58.6%
Skirmisher ×28 · Spearman ×21 · Militia ×16 · Archer ×12 · Plumed Archer ×5
Feudal
—
Castle
—
Imperial
—
| APM avg | 0.5 |
| APM peak | 19 |
| eAPM avg | 0.3 |
| Villagers / military | 5 / 0 |
Focus
⚔️ 0.0% · 🌾 100.0%
Feudal
—
Castle
—
Imperial
—
| APM avg | 11.9 |
| APM peak | 74 |
| eAPM avg | 10.9 |
| Villagers / military | 144 / 35 |
Focus
⚔️ 14.3% · 🌾 85.7%
Knight ×13 · Organ Gun ×11 · Militia ×8 · Scout Cavalry ×3
Match map
Initial resources + every placement click. Lines = walls · curves = elevation contours. ◆ gold · ⬟ stone · ● berries · ✦ relic · ◌ wall gap
Your base· Open — opponent sealed themselves in
santiagocasabsalado's base· ✓ Closed at 12:00 · 22t walls · no gate
woojt92's base· ✓ Closed at 12:00 · 15t walls · no gate
DAZACO's base· Open — opponent sealed themselves in
storm chaser629's base· ✓ Closed at 12:00 · 0t walls · no gate
jimmyrocket's base· Open — opponent sealed themselves in
MOTHERSHIP's base· ✓ Closed at 12:00 · 0t walls · no gate
aamerhussain.hr's base· Open — opponent sealed themselves in
Smoothed initial terrain · ◌ = detected wall gap · hover for details
Inputs per minute
— Roars - - santiagocasabsalado
Build order — Roars
131 actions detected in the replay
| 0:05 | Build | House |
| 0:07 | Build | House |
| 0:10 | Create | Villager (Male) |
| 0:10 | Research | Loom |
| 0:43 | Build | Mill |
| 0:46 | Create | Villager (Male) |
| 0:49 | Create | Villager (Male) |
| 1:14 | Build | Palisade Wall |
| 1:25 | Build | Palisade Wall |
| 1:55 | Create | Villager (Male) |
| 2:35 | Create | Villager (Male) |
| 3:31 | Create | Villager (Male) |
| 3:32 | Create | Villager (Male) |
| 3:59 | Create | Villager (Male) |
| 4:26 | Create | Villager (Male) |
| 4:29 | Create | Villager (Male) |
| 4:59 | Create | Villager (Male) |
| 5:27 | Create | Villager (Male) |
| 5:50 | Create | Villager (Male) |
| 6:22 | Create | Villager (Male) |
| 6:28 | Build | House |
| 6:41 | Build | Barracks |
| 7:13 | Create | Villager (Male) |
| 7:55 | Create | Militia |
| 8:12 | Create | Villager (Male) |
| 8:25 | Create | Militia |
| 8:47 | Build | House |
| 8:52 | Build | House |
| 8:55 | Build | House |
| 9:00 | Build | House |
| 9:46 | Build | Lumber Camp |
| 9:50 | Create | Villager (Male) |
| 9:52 | Create | Villager (Male) |
| 10:28 | Build | House |
| 11:08 | Research | Feudal Age |
| 12:12 | Build | Mining Camp |
| 12:29 | Build | Mining Camp |
| 13:36 | Build | Watch Tower |
| 13:43 | Research | Wheelbarrow |
| 13:45 | Research | Double-Bit Axe |
| 13:48 | Create | Villager (Male) |
| 14:01 | Create | Villager (Male) |
| 14:02 | Create | Villager (Male) |
| 14:43 | Build | Palisade Gate |
| 15:11 | Create | Villager (Male) |
| 15:13 | Create | Villager (Male) |
| 15:59 | Build | Stable |
| 16:16 | Create | Villager (Male) |
| 16:29 | Build | House |
| 16:30 | Build | House |
| 16:31 | Build | House |
| 16:33 | Build | House |
| 16:34 | Build | House |
| 16:36 | Build | House |
| 16:39 | Build | House |
| 16:40 | Build | House |
| 16:42 | Build | House |
| 16:55 | Create | Villager (Male) |
| 17:30 | Create | Villager (Male) |
| 17:31 | Create | Villager (Male) |
| 17:33 | Build | Farm |
| 17:35 | Create | Villager (Male) |
| 17:43 | Build | Blacksmith |
| 17:52 | Build | Farm |
| 18:02 | Build | Farm |
| 18:22 | Build | Farm |
| 18:46 | Build | Lumber Camp |
| 18:53 | Create | Villager (Male) |
| 19:07 | Create | Scout Cavalry |
| 19:51 | Create | Villager (Male) |
| 19:53 | Create | Villager (Male) |
| 20:07 | Build | Farm |
| 20:10 | Build | Farm |
| 20:12 | Build | Farm |
| 20:14 | Build | Farm |
| 20:35 | Create | Scout Cavalry ×4 |
| 20:58 | Build | Farm |
| 20:59 | Build | Farm |
| 21:01 | Create | Villager (Male) |
| 21:02 | Create | Villager (Male) |
| 21:39 | Build | Farm |
| 21:40 | Build | Farm |
| 22:22 | Create | Villager (Male) |
| 22:22 | Create | Villager (Male) |
| 22:23 | Create | Villager (Male) |
| 22:34 | Build | Farm |
| 22:35 | Build | Farm |
| 23:18 | Create | Villager (Male) |
| 23:26 | Build | Farm |
| 23:28 | Build | Farm |
| 23:29 | Build | Farm |
| 23:31 | Build | Farm |
| 23:33 | Build | Farm |
| 23:35 | Build | Farm |
| 24:08 | Build | Market |
| 24:30 | Build | Farm |
| 26:02 | Research | Castle Age |
| 26:48 | Research | Gold Mining |
| 26:51 | Research | Stone Mining |
| 27:54 | Create | Villager (Male) |
| 29:20 | Build | Castle |
| 29:41 | Research | Hand Cart |
| 29:47 | Research | Gold Shaft Mining |
| 29:56 | Research | Bow Saw |
| 31:34 | Build | Stable |
| 31:35 | Build | Stable |
| 31:39 | Create | Throwing Axeman ×5 |
| 31:40 | Create | Throwing Axeman ×5 |
| 31:40 | Create | Throwing Axeman ×5 |
| 31:40 | Create | Throwing Axeman ×5 |
| 31:56 | Create | Knight ×5 |
| 31:57 | Create | Knight ×5 |
| 31:57 | Create | Knight ×5 |
| 32:45 | Build | Mining Camp |
| 33:06 | Build | Mining Camp |
| 33:11 | Create | Knight ×5 |
| 33:11 | Create | Knight ×4 |
| 33:31 | Create | Villager (Male) |
| 33:31 | Create | Villager (Male) |
| 33:31 | Create | Villager (Male) |
| 33:33 | Create | Villager (Male) ×5 |
| 33:33 | Create | Villager (Male) ×4 |
| 34:05 | Create | Knight |
| 34:45 | Build | Castle |
| 35:11 | Research | Husbandry |
| 35:12 | Create | Knight ×3 |
| 35:12 | Create | Knight ×3 |
| 40:14 | Create | Scout Cavalry ×5 |
| 40:14 | Create | Scout Cavalry ×5 |
| 40:15 | Create | Scout Cavalry ×5 |
| 40:15 | Create | Scout Cavalry ×5 |
Build order — santiagocasabsalado
118 actions detected in the replay
| 0:12 | Create | Villager (Male) ×4 |
| 0:12 | Create | Villager (Male) ×4 |
| 0:12 | Create | Villager (Male) ×4 |
| 0:19 | Build | House |
| 0:20 | Build | House |
| 0:21 | Build | House |
| 0:22 | Build | House |
| 2:06 | Create | Villager (Male) ×2 |
| 2:07 | Create | Villager (Male) ×2 |
| 2:07 | Create | Villager (Male) ×2 |
| 3:07 | Create | Villager (Male) |
| 3:07 | Create | Villager (Male) |
| 3:08 | Create | Villager (Male) |
| 3:42 | Create | Villager (Male) ×2 |
| 3:42 | Create | Villager (Male) ×2 |
| 3:42 | Create | Villager (Male) ×2 |
| 5:24 | Build | Mill |
| 6:12 | Create | Villager (Male) |
| 6:12 | Create | Villager (Male) |
| 6:12 | Create | Villager (Male) |
| 6:13 | Create | Villager (Male) |
| 6:13 | Create | Villager (Male) |
| 6:39 | Build | Palisade Wall |
| 7:27 | Research | Loom |
| 7:42 | Create | Villager (Male) ×5 |
| 7:42 | Create | Villager (Male) ×5 |
| 9:29 | Create | Villager (Male) ×3 |
| 9:29 | Create | Villager (Male) ×3 |
| 10:57 | Build | Palisade Wall |
| 12:04 | Create | Villager (Male) |
| 12:04 | Create | Villager (Male) |
| 12:04 | Create | Villager (Male) |
| 12:40 | Create | Villager (Male) |
| 12:40 | Create | Villager (Male) |
| 12:40 | Create | Villager (Male) |
| 12:52 | Build | Barracks |
| 13:21 | Build | House |
| 13:22 | Build | House |
| 14:22 | Build | Palisade Wall |
| 14:34 | Create | Villager (Male) ×5 |
| 14:34 | Create | Villager (Male) ×5 |
| 14:35 | Create | Villager (Male) ×5 |
| 14:42 | Create | Villager (Male) |
| 16:15 | Research | Feudal Age |
| 16:26 | Build | Lumber Camp |
| 17:06 | Build | Lumber Camp |
| 17:48 | Build | Mining Camp |
| 18:32 | Build | Mining Camp |
| 18:36 | Create | Villager (Male) |
| 18:36 | Create | Villager (Male) |
| 18:36 | Create | Villager (Male) |
| 18:37 | Create | Villager (Male) |
| 18:37 | Create | Villager (Male) |
| 18:37 | Create | Villager (Male) |
| 18:55 | Build | House |
| 18:56 | Build | House |
| 18:57 | Build | House |
| 18:58 | Build | House |
| 19:07 | Build | Gate |
| 19:16 | Build | Stone Wall |
| 19:21 | Build | Gate |
| 19:37 | Build | Stone Wall |
| 19:41 | Build | Gate |
| 19:45 | Build | Stone Wall |
| 20:45 | Build | Barracks |
| 20:58 | Build | Archery Range |
| 21:21 | Build | Mining Camp |
| 21:52 | Create | Skirmisher |
| 21:52 | Create | Skirmisher |
| 21:52 | Create | Skirmisher |
| 21:52 | Create | Skirmisher |
| 22:36 | Build | Gate |
| 22:47 | Build | Farm |
| 22:47 | Build | Farm |
| 22:49 | Build | Farm |
| 22:51 | Build | Farm |
| 22:52 | Build | Farm |
| 23:11 | Build | Watch Tower |
| 23:25 | Build | Farm |
| 23:43 | Create | Spearman |
| 23:43 | Create | Spearman |
| 23:44 | Create | Spearman |
| 24:25 | Build | Watch Tower |
| 25:25 | Create | Spearman |
| 25:25 | Create | Spearman |
| 25:29 | Create | Skirmisher |
| 25:30 | Create | Skirmisher |
| 25:30 | Create | Skirmisher |
| 25:47 | Create | Skirmisher |
| 25:48 | Create | Skirmisher |
| 26:16 | Create | Spearman |
| 26:17 | Create | Spearman |
| 26:36 | Create | Spearman |
| 26:37 | Create | Spearman |
| 26:44 | Create | Villager (Male) |
| 26:44 | Create | Villager (Male) |
| 26:45 | Create | Villager (Male) |
| 28:01 | Create | Spearman |
| 28:02 | Create | Spearman |
| 28:04 | Create | Skirmisher |
| 28:04 | Create | Skirmisher |
| 29:22 | Build | Stone Wall |
| 29:25 | Build | Stone Wall |
| 29:40 | Build | Gate |
| 29:43 | Build | Stone Wall |
| 29:51 | Create | Villager (Male) |
| 29:51 | Create | Villager (Male) |
| 29:51 | Create | Villager (Male) |
| 29:52 | Create | Villager (Male) |
| 29:52 | Create | Villager (Male) |
| 30:15 | Create | Skirmisher |
| 30:16 | Create | Skirmisher |
| 30:16 | Create | Skirmisher |
| 30:58 | Build | Gate |
| 33:18 | Build | Watch Tower |
| 33:57 | Build | Mining Camp |
| 37:10 | Build | Market |
| 41:15 | Build | Archery Range |
Build order — woojt92
7 actions detected in the replay
| 0:26 | Build | House |
| 0:36 | Build | Palisade Wall |
| 0:54 | Create | Villager (Male) |
| 0:55 | Create | Villager (Male) |
| 0:55 | Create | Villager (Male) |
| 0:55 | Create | Villager (Male) |
| 0:56 | Create | Villager (Male) |
Build order — DAZACO
121 actions detected in the replay
| 0:02 | Create | Villager (Male) |
| 0:08 | Build | House |
| 0:09 | Build | House |
| 1:09 | Create | Villager (Male) |
| 1:10 | Create | Villager (Male) |
| 1:52 | Create | Villager (Male) |
| 1:52 | Create | Villager (Male) |
| 2:45 | Build | Barracks |
| 3:04 | Create | Villager (Male) |
| 3:35 | Create | Villager (Male) |
| 3:44 | Create | Militia |
| 3:47 | Create | Villager (Male) |
| 4:28 | Create | Militia |
| 4:33 | Create | Villager (Male) |
| 5:07 | Build | Mill |
| 5:11 | Create | Villager (Male) |
| 5:12 | Create | Villager (Male) |
| 6:07 | Create | Militia |
| 6:11 | Build | House |
| 6:14 | Create | Villager (Male) |
| 7:05 | Create | Militia |
| 7:36 | Build | Mining Camp |
| 7:58 | Create | Villager (Male) |
| 8:08 | Create | Militia |
| 8:14 | Build | House |
| 8:41 | Create | Militia |
| 8:57 | Build | House |
| 9:03 | Create | Villager (Male) |
| 9:03 | Create | Villager (Male) |
| 10:17 | Create | Villager (Male) |
| 10:20 | Research | Feudal Age |
| 12:01 | Build | Lumber Camp |
| 12:13 | Create | Villager (Male) |
| 12:14 | Create | Villager (Male) |
| 12:44 | Research | Arson |
| 13:06 | Create | Villager (Male) |
| 13:06 | Create | Villager (Male) |
| 13:06 | Create | Villager (Male) |
| 13:06 | Create | Villager (Male) |
| 13:06 | Create | Villager (Male) |
| 14:01 | Build | Mill |
| 14:18 | Build | Mill |
| 15:00 | Build | Blacksmith |
| 15:32 | Create | Villager (Male) |
| 15:34 | Create | Villager (Male) |
| 15:42 | Build | House |
| 15:43 | Build | House |
| 16:00 | Research | Man-at-Arms (upgrade) |
| 16:40 | Build | Farm |
| 16:41 | Build | Farm |
| 16:44 | Build | Farm |
| 16:45 | Build | Farm |
| 16:52 | Build | Farm |
| 17:39 | Research | Forging |
| 18:24 | Research | Scale Mail Armor |
| 19:24 | Build | Market |
| 19:43 | Build | Farm |
| 19:43 | Build | Farm |
| 19:43 | Build | Farm |
| 19:44 | Build | Farm |
| 19:44 | Build | Farm |
| 19:48 | Create | Villager (Male) |
| 19:49 | Create | Villager (Male) |
| 21:13 | Research | Loom |
| 21:14 | Research | Wheelbarrow |
| 21:42 | Research | Castle Age |
| 24:02 | Build | Barracks |
| 24:04 | Build | Barracks |
| 24:06 | Build | Barracks |
| 24:12 | Create | Villager (Male) |
| 24:12 | Create | Villager (Male) |
| 24:12 | Create | Villager (Male) |
| 24:12 | Create | Villager (Male) |
| 24:12 | Create | Villager (Male) |
| 24:13 | Create | Villager (Male) |
| 25:44 | Build | Siege Workshop |
| 26:07 | Create | Militia |
| 26:11 | Research | Long Swordsman (upgrade) |
| 26:12 | Research | Gambesons |
| 26:16 | Create | Militia |
| 26:17 | Create | Militia |
| 26:28 | Create | Militia |
| 26:55 | Create | Militia |
| 27:02 | Create | Militia |
| 27:04 | Create | Militia |
| 27:06 | Create | Militia |
| 27:07 | Create | Militia |
| 27:13 | Research | Squires |
| 27:16 | Create | Militia |
| 27:17 | Create | Militia |
| 27:20 | Create | Militia |
| 27:21 | Research | Pikeman (upgrade) |
| 27:29 | Build | House |
| 27:31 | Build | House |
| 27:44 | Build | House |
| 27:46 | Build | House |
| 27:46 | Build | House |
| 27:48 | Build | House |
| 27:48 | Build | House |
| 27:55 | Create | Villager (Male) |
| 27:55 | Create | Villager (Male) |
| 27:55 | Create | Villager (Male) |
| 27:55 | Create | Villager (Male) |
| 28:04 | Create | Battering Ram |
| 28:09 | Create | Battering Ram |
| 28:15 | Create | Militia |
| 28:15 | Create | Militia |
| 28:46 | Create | Battering Ram |
| 28:57 | Build | Siege Workshop |
| 30:45 | Create | Battering Ram |
| 30:45 | Create | Battering Ram |
| 33:55 | Create | Mangonel |
| 33:56 | Create | Mangonel |
| 33:56 | Create | Mangonel |
| 33:56 | Create | Mangonel |
| 34:03 | Create | Militia |
| 34:03 | Create | Militia |
| 34:03 | Create | Militia |
| 39:11 | Create | Militia |
| 39:11 | Create | Militia |
| 39:39 | Build | Town Center |
Build order — storm chaser629
0 actions detected in the replay
Build order — jimmyrocket
First 150 of 201 actions detected
| 0:03 | Create | Villager (Male) |
| 0:03 | Create | Villager (Male) |
| 0:03 | Create | Villager (Male) |
| 0:04 | Create | Villager (Male) |
| 0:04 | Create | Villager (Male) |
| 0:05 | Build | House |
| 1:26 | Create | Villager (Male) |
| 1:51 | Build | Barracks |
| 2:41 | Create | Militia |
| 3:08 | Create | Villager (Male) |
| 3:15 | Build | House |
| 3:22 | Create | Militia |
| 3:46 | Create | Villager (Male) |
| 4:35 | Create | Villager (Male) |
| 4:36 | Create | Villager (Male) |
| 6:21 | Create | Villager (Male) |
| 6:22 | Create | Villager (Male) |
| 6:22 | Create | Villager (Male) |
| 6:22 | Create | Villager (Male) |
| 6:29 | Create | Villager (Male) |
| 6:38 | Build | Mill |
| 7:17 | Build | House |
| 7:26 | Build | House |
| 7:29 | Build | House |
| 7:30 | Create | Villager (Male) |
| 7:31 | Create | Villager (Male) |
| 7:31 | Create | Villager (Male) |
| 9:37 | Research | Loom |
| 10:16 | Build | Barracks |
| 10:37 | Research | Feudal Age |
| 11:17 | Build | Lumber Camp |
| 11:18 | Create | Militia |
| 11:19 | Create | Militia |
| 11:19 | Create | Militia |
| 11:20 | Create | Militia |
| 11:59 | Build | Lumber Camp |
| 12:05 | Create | Villager (Male) |
| 12:06 | Create | Villager (Male) |
| 12:32 | Create | Militia |
| 13:10 | Research | Double-Bit Axe |
| 13:35 | Build | Mining Camp |
| 13:48 | Create | Spearman |
| 13:58 | Research | Town Watch |
| 14:08 | Create | Villager (Male) |
| 14:08 | Create | Villager (Male) |
| 14:09 | Create | Villager (Male) |
| 14:36 | Build | House |
| 14:48 | Create | Villager (Male) |
| 15:01 | Build | Farm |
| 15:05 | Build | Farm |
| 15:09 | Build | Farm |
| 15:15 | Build | Farm |
| 15:43 | Research | Loom |
| 15:52 | Research | Wheelbarrow |
| 16:18 | Build | Farm |
| 16:22 | Build | Farm |
| 16:41 | Build | Farm |
| 16:56 | Research | Horse Collar |
| 17:06 | Create | Spearman |
| 17:07 | Create | Spearman |
| 17:33 | Research | Town Watch |
| 17:49 | Build | Blacksmith |
| 17:54 | Create | Villager (Male) |
| 18:00 | Create | Spearman |
| 18:01 | Create | Spearman |
| 18:28 | Build | Farm |
| 18:50 | Research | Scale Mail Armor |
| 18:50 | Research | Forging |
| 18:57 | Create | Villager (Male) |
| 18:58 | Create | Villager (Male) |
| 19:16 | Build | Archery Range |
| 19:34 | Research | Man-at-Arms (upgrade) |
| 19:51 | Research | Arson |
| 19:56 | Build | House |
| 19:57 | Build | House |
| 19:58 | Build | House |
| 20:16 | Create | Skirmisher |
| 20:16 | Create | Skirmisher |
| 20:16 | Create | Skirmisher |
| 20:16 | Create | Skirmisher |
| 20:17 | Create | Skirmisher |
| 21:10 | Research | Padded Archer Armor |
| 21:13 | Create | Villager (Male) |
| 21:13 | Create | Villager (Male) |
| 21:26 | Build | Farm |
| 21:47 | Build | Farm |
| 21:50 | Create | Villager (Male) |
| 21:52 | Create | Villager (Male) |
| 21:53 | Create | Villager (Male) |
| 22:13 | Research | Fletching |
| 22:20 | Build | Farm |
| 22:37 | Build | House |
| 22:46 | Build | Mining Camp |
| 23:18 | Create | Skirmisher |
| 23:18 | Create | Skirmisher |
| 23:18 | Create | Skirmisher |
| 23:18 | Create | Skirmisher |
| 23:18 | Create | Skirmisher |
| 23:19 | Create | Skirmisher |
| 23:19 | Create | Skirmisher |
| 23:19 | Create | Skirmisher |
| 23:19 | Create | Skirmisher |
| 23:23 | Create | Spearman |
| 23:23 | Create | Spearman |
| 23:49 | Create | Villager (Male) |
| 24:08 | Create | Villager (Male) |
| 24:10 | Create | Villager (Male) |
| 24:17 | Build | Farm |
| 24:30 | Build | Farm |
| 25:01 | Create | Militia |
| 25:01 | Create | Spearman |
| 25:10 | Build | Farm |
| 25:19 | Build | Farm |
| 25:31 | Build | House |
| 25:32 | Build | House |
| 25:34 | Build | House |
| 25:36 | Build | House |
| 25:37 | Build | House |
| 25:39 | Build | House |
| 25:40 | Build | House |
| 25:41 | Build | House |
| 25:42 | Build | House |
| 26:55 | Build | Farm |
| 27:15 | Research | Castle Age |
| 27:23 | Create | Skirmisher |
| 27:23 | Create | Skirmisher |
| 27:23 | Create | Skirmisher |
| 30:03 | Research | Elite Skirmisher (upgrade) |
| 30:03 | Research | Crossbowman (upgrade) |
| 30:04 | Research | Thumb Ring |
| 30:06 | Research | Pikeman (upgrade) |
| 30:06 | Research | Long Swordsman (upgrade) |
| 30:11 | Research | Squires |
| 30:14 | Create | Spearman |
| 30:14 | Create | Spearman |
| 30:15 | Create | Spearman |
| 30:15 | Create | Spearman |
| 30:15 | Create | Spearman |
| 30:15 | Create | Spearman |
| 30:15 | Create | Spearman |
| 30:19 | Create | Skirmisher |
| 30:19 | Create | Skirmisher |
| 30:19 | Create | Archer |
| 30:19 | Create | Archer |
| 30:20 | Create | Archer |
| 30:20 | Create | Archer |
| 30:20 | Create | Archer |
| 30:38 | Research | Stone Mining |
| 30:53 | Create | Villager (Male) |
| 32:08 | Create | Villager (Male) |
Build order — MOTHERSHIP
7 actions detected in the replay
| 0:02 | Create | Villager (Male) |
| 0:02 | Create | Villager (Male) |
| 0:03 | Create | Villager (Male) |
| 0:05 | Build | House |
| 0:08 | Build | House |
| 0:26 | Create | Villager (Male) |
| 0:27 | Create | Villager (Male) |
Build order — aamerhussain.hr
First 150 of 283 actions detected
| 0:10 | Research | Loom |
| 0:11 | Create | Villager (Male) |
| 0:11 | Create | Villager (Male) |
| 0:12 | Create | Villager (Male) |
| 0:12 | Create | Villager (Male) |
| 0:12 | Create | Villager (Male) |
| 0:12 | Create | Villager (Male) |
| 0:21 | Build | House |
| 0:23 | Build | House |
| 2:02 | Create | Villager (Male) |
| 2:43 | Create | Villager (Male) |
| 3:00 | Create | Villager (Male) |
| 3:16 | Create | Villager (Male) |
| 3:49 | Create | Villager (Male) |
| 3:50 | Create | Villager (Male) |
| 4:17 | Create | Villager (Male) |
| 4:17 | Create | Villager (Male) |
| 4:18 | Create | Villager (Male) |
| 4:40 | Build | House |
| 4:43 | Build | House |
| 4:54 | Build | Lumber Camp |
| 5:02 | Create | Villager (Male) |
| 5:03 | Create | Villager (Male) |
| 5:03 | Create | Villager (Male) |
| 5:54 | Create | Villager (Male) |
| 5:54 | Create | Villager (Male) |
| 6:52 | Create | Villager (Male) |
| 6:52 | Create | Villager (Male) |
| 6:53 | Create | Villager (Male) |
| 8:27 | Build | Barracks |
| 8:34 | Create | Villager (Male) |
| 8:34 | Create | Villager (Male) |
| 8:35 | Create | Villager (Male) |
| 9:55 | Build | Mill |
| 10:46 | Research | Feudal Age |
| 11:14 | Build | Mill |
| 11:52 | Build | Mining Camp |
| 12:33 | Create | Villager (Male) |
| 13:13 | Build | House |
| 13:20 | Research | Town Watch |
| 13:24 | Create | Villager (Male) |
| 13:24 | Create | Villager (Male) |
| 13:26 | Create | Villager (Male) |
| 13:36 | Build | House |
| 13:39 | Build | House |
| 13:41 | Build | House |
| 13:45 | Build | House |
| 13:47 | Build | House |
| 13:50 | Build | House |
| 13:56 | Build | Mining Camp |
| 14:06 | Create | Villager (Male) |
| 14:06 | Create | Villager (Male) |
| 14:06 | Create | Villager (Male) |
| 14:07 | Create | Villager (Male) |
| 14:07 | Create | Villager (Male) |
| 14:07 | Create | Villager (Male) |
| 14:08 | Create | Villager (Male) |
| 14:08 | Create | Villager (Male) |
| 14:08 | Create | Villager (Male) |
| 14:08 | Create | Villager (Male) |
| 14:09 | Create | Villager (Male) |
| 14:09 | Create | Villager (Male) |
| 14:09 | Create | Villager (Male) |
| 14:54 | Build | Stable |
| 15:03 | Build | Barracks |
| 15:52 | Research | Man-at-Arms (upgrade) |
| 16:05 | Create | Scout Cavalry |
| 16:07 | Create | Scout Cavalry |
| 16:09 | Create | Scout Cavalry |
| 16:19 | Create | Militia |
| 16:20 | Create | Militia |
| 16:21 | Create | Militia |
| 16:39 | Build | Mining Camp |
| 17:08 | Build | Farm |
| 17:09 | Build | Farm |
| 17:13 | Build | Farm |
| 17:16 | Build | Farm |
| 17:19 | Build | Farm |
| 17:21 | Build | Farm |
| 17:23 | Build | Farm |
| 17:25 | Build | Farm |
| 17:29 | Build | Farm |
| 17:31 | Build | Farm |
| 17:35 | Build | Farm |
| 17:40 | Build | Farm |
| 17:45 | Build | Farm |
| 17:48 | Build | Farm |
| 17:59 | Create | Villager (Male) |
| 17:59 | Create | Villager (Male) |
| 17:59 | Create | Villager (Male) |
| 19:44 | Create | Militia |
| 19:44 | Create | Militia |
| 19:44 | Create | Militia |
| 19:45 | Create | Militia |
| 19:45 | Create | Militia |
| 20:14 | Build | Mill |
| 20:20 | Build | Farm |
| 20:24 | Build | Farm |
| 20:26 | Build | Farm |
| 20:28 | Build | Farm |
| 20:32 | Build | Farm |
| 20:34 | Build | Farm |
| 20:39 | Build | Farm |
| 20:40 | Build | Farm |
| 20:43 | Build | Farm |
| 20:45 | Build | Farm |
| 20:51 | Build | Mill |
| 21:02 | Create | Villager (Male) |
| 21:02 | Create | Villager (Male) |
| 21:03 | Create | Villager (Male) |
| 21:03 | Create | Villager (Male) |
| 21:03 | Create | Villager (Male) |
| 21:03 | Create | Villager (Male) |
| 21:03 | Create | Villager (Male) |
| 21:43 | Create | Villager (Male) |
| 21:44 | Create | Villager (Male) |
| 21:44 | Create | Villager (Male) |
| 21:44 | Create | Villager (Male) |
| 21:44 | Create | Villager (Male) |
| 21:57 | Build | Farm |
| 22:00 | Build | Farm |
| 22:02 | Build | Farm |
| 22:04 | Build | Farm |
| 22:08 | Build | Farm |
| 22:10 | Build | Farm |
| 22:22 | Create | Villager (Male) |
| 22:23 | Create | Villager (Male) |
| 22:23 | Create | Villager (Male) |
| 22:23 | Create | Villager (Male) |
| 22:23 | Create | Villager (Male) |
| 24:05 | Build | House |
| 24:13 | Build | House |
| 24:15 | Build | House |
| 24:16 | Build | House |
| 24:19 | Build | House |
| 24:21 | Build | House |
| 24:22 | Build | House |
| 24:25 | Build | House |
| 24:27 | Build | House |
| 24:29 | Build | House |
| 24:31 | Build | House |
| 24:41 | Research | Horse Collar |
| 24:49 | Research | Double-Bit Axe |
| 25:11 | Create | Villager (Male) |
| 25:12 | Create | Villager (Male) |
| 26:23 | Build | Market |
| 27:18 | Create | Villager (Male) |
| 27:19 | Create | Villager (Male) |
| 27:28 | Research | Castle Age |
| 28:59 | Create | Villager (Male) |
Match timeline
| 0:36 | woojt92 · wall_segment Palisade Wall x15 |
| 1:02 | storm chaser629 · resign |
| 1:14 | Roars · wall_segment Palisade Wall x6 |
| 1:25 | Roars · wall_segment Palisade Wall x5 |
| 1:51 | jimmyrocket · first_building Barracks |
| 2:45 | DAZACO · first_building Barracks |
| 6:39 | santiagocasabsalado · wall_segment Palisade Wall x11 |
| 6:41 | Roars · first_building Barracks |
| 8:27 | aamerhussain.hr · first_building Barracks |
| 10:57 | santiagocasabsalado · wall_segment Palisade Wall x11 |
| 12:52 | santiagocasabsalado · first_building Barracks |
| 14:22 | santiagocasabsalado · wall_segment Palisade Wall x16 |
| 14:54 | aamerhussain.hr · first_building Stable |
| 15:59 | Roars · first_building Stable |
| 19:16 | jimmyrocket · first_building Archery Range |
| 19:16 | santiagocasabsalado · wall_segment Stone Wall x18 |
| 19:37 | santiagocasabsalado · wall_segment Stone Wall x12 |
| 19:45 | santiagocasabsalado · wall_segment Stone Wall x12 |
| 20:58 | santiagocasabsalado · first_building Archery Range |
| 21:30 | DAZACO · first_market_sell 100 wood |
| 21:36 | DAZACO · first_market_buy 100 food |
| 25:44 | DAZACO · first_building Siege Workshop |
| 29:20 | Roars · first_building Castle |
| 29:22 | santiagocasabsalado · wall_segment Stone Wall x4 |
| 29:25 | santiagocasabsalado · wall_segment Stone Wall x6 |
| 29:43 | santiagocasabsalado · wall_segment Stone Wall x1 |
| 33:51 | aamerhussain.hr · first_building Castle |
| 34:27 | jimmyrocket · first_building Castle |
| 39:01 | jimmyrocket · first_building Monastery |
[ AI ANALYSIS · 1 CREDIT ]
What really happened in this match?
Wolo.gg analyzes every decision: build order, eco, micro, common mistakes by bracket. Personalized analysis on WhatsApp or Discord in 30 seconds.
Civ guide
Franks
Perfil
Jugador #2916533